 Dungeon Crawl Stone Soup version 0.22.0-40-g68aacdc (webtiles) character file.

263 Folque the Caller (level 5, -5/22 HPs)
             Began as a Felid Summoner on Sept 1, 2018.
             Blown up by Ijyb (16 damage)
             ... with a wand of disintegration (6)
             ... on level 5 of the Dungeon.
             The game lasted 00:33:13 (6362 turns).

Folque the Caller (Felid Summoner)                  Turns: 6362, Time: 00:33:14

Health: -5/22      AC:  2    Str:  4    XL:     5   Next: 97%
Magic:  0/10       EV: 18    Int: 19    God:
Gold:   256        SH:  0    Dex: 16    Spells: 3/10 levels left
                                        Lives:  0   Deaths: 1

rFire    . . .     SeeInvis +   (weapon unavailable)
rCold    . . .     Gourm    .   (shield unavailable)
rNeg     . . .     Faith    .   (armour unavailable)
rPois    .         Spirit   .   (helmet unavailable)
rElec    .         Reflect  .   (cloak unavailable)
rCorr    .         Harm     .   (gloves unavailable)
MR       .....                  (boots unavailable)
Stlth    ++++......             (no amulet)
HPRegen  0.07/turn              f - ring of stealth
MPRegen  0.12/turn              (no ring)

@: very slightly contaminated, quick
A: very small, no armour, no weapons or thrown items, stealth, claws 1, fangs 3,
see invisible, carnivore, speed 1, shaggy fur 2, slow metabolism 1, sharp paws
a: no special abilities


You were on level 5 of the Dungeon.
You were not hungry.

You visited 1 branch of the dungeon, and saw 5 of its levels.

You collected 256 gold pieces.

Inventory:

Jewellery
 f - a ring of stealth (left paw)
 n - a cursed ring of attention {unknown}
Scrolls
 a - a scroll of fog {unknown}
 c - 2 scrolls of amnesia
 h - 2 scrolls of magic mapping
 i - a scroll of identify
Potions
 d - a potion of might
 e - a potion of resistance
 g - 2 potions of curing
 l - 2 potions of brilliance
 o - a potion of agility {unknown}
Comestibles
 b - 8 rations


   Skills:
 - Level 2.0 Fighting
 - Level 3.0 Dodging
 - Level 2.6 Stealth
 - Level 3.0 Spellcasting
 * Level 5.9 Summonings
 + Level 3.7 Ice Magic


You had 3 spell levels left.
You knew the following spells:

 Your Spells              Type           Power        Failure   Level  Hunger
a - Summon Small Mammal   Summ           ####         1%          1    None
b - Call Imp              Summ           ####....     1%          2    ##.....
c - Summon Ice Beast      Ice/Summ       ###.....     21%         4    ####...

Your spell library contained the following spells:

 Spells                   Type           Power        Failure   Level  Hunger
 Call Canine Familiar     Summ           ####....     4%          3    ###....
 Summon Guardian Golem    Hex/Summ       ##......     14%         3    ###....
 Summon Lightning Spire   Summ/Air       ##......     41%         4    ####...


Dungeon Overview and Level Annotations

Branches:
Dungeon (5/15)
 Temple: D:4-7

Altars:
Qazlal
Xom

Annotations:
D:5 Ijyb


Innate Abilities, Weirdness & Mutations

You cannot wear armour.
You are incapable of wielding weapons or throwing items.
Your paws allow you to move quietly. (Stealth)
You have sharp claws.
You have razor-sharp teeth.
You have supernaturally acute eyesight. (SInv)
You are carnivorous and can eat meat at any time.
You cover ground quickly.
You are covered in thick fur. (AC +2)
You have a slow metabolism.
Your sharp claws are effective at attacking unaware monsters.


Message History

Your ice beast is blasted.
The adder barely misses you.
You closely miss the adder.
The adder is severely wounded.
The adder barely misses you.
Your ice beast hits Ijyb but does no damage.
You scratch the adder.
You kill the adder!
Your ice beast hits Ijyb but does no damage.
You scratch Ijyb but do no damage.
An iguana comes into view.
Ijyb hits you with a club.
Your ice beast barely misses Ijyb.
You scratch Ijyb but do no damage.
Your ice beast closely misses Ijyb.
Ijyb hits you but does no damage.
You scratch Ijyb but do no damage.
A crimson imp comes into view.
Your ice beast misses Ijyb.
You closely miss Ijyb.
Ijyb zaps a wand.
You are blasted!
Ouch! That really hurt!
You die...

. ..## #...#####
#......# #....# ###..#
#..# #.)# #@.# ###
######g.# #.# .......Y..
..###.####...........#
#......................
#.###<..##....l.#......#
###..[c.....#.......
###...5...#..$#... #
##.(....####


You could see Ijyb, an iguana, a crimson imp and a friendly ice beast.

Vanquished Creatures
  A bullfrog skeleton (D:4)
  Natasha (D:3)
  An adder (D:5)
  2 dart slugs (D:2)
  4 leopard geckos
  An orc (D:4)
  5 giant cockroaches
  5 goblins
  4 hobgoblins
  2 jackals (D:4)
  A quokka (D:3)
  7 bats
  5 frilled lizards
  A jackal skeleton (D:4)
  4 kobolds
  8 rats
52 creatures vanquished.

Vanquished Creatures (collateral kills)
  A phantom (D:4)
  A centaur (D:5)
  A howler monkey (D:5)
  A quasit (D:3)
  A hound (D:2)
  2 orc priests
  An iguana (D:4)
  3 orc wizards
  Jessica (D:3)
  Natasha (twice) (D:3)
  A worker ant (D:4)
  4 adders
  An adder skeleton (D:4)
  A worm (D:2)
  A dart slug (D:2)
  3 leopard geckos
  10 orcs
  3 bats
  3 giant cockroaches
  3 goblins (D:1)
  5 hobgoblins
  2 jackals (D:1)
  A quokka (D:3)
  A frilled lizard (D:2)
  2 kobolds
55 creatures vanquished.

Grand Total: 107 creatures vanquished

Notes
Turn   | Place    | Note
-------+----------+-------------------------------------------
     0 | D:1      | Folque the Felid Summoner began the quest for the Orb.
     0 | D:1      | Reached XP level 1. HP: 7/7 MP: 4/4
   621 | D:1      | Reached skill level 1 in Fighting
   801 | D:1      | Reached XP level 2. HP: 12/12 MP: 4/6
   805 | D:1      | Learned a level 2 spell: Call Imp
  1348 | D:1      | Found a hazy altar of Hepliaklqana.
  1350 | D:1      | Found a snail-covered altar of Cheibriados.
  1350 | D:1      | Found a blossoming altar of Fedhas.
  1352 | D:1      | Found a hazy altar of Hepliaklqana.
  1352 | D:1      | Found a bloodstained altar of Trog.
  1352 | D:1      | Found a shimmering altar of Xom.
  1615 | D:2      | Noticed an earth elemental
  1617 | D:2      | Found a stormy altar of Qazlal.
  1627 | D:2      | Noticed an air elemental
  1630 | D:2      | Noticed a fire elemental
  1630 | D:2      | Noticed a water elemental
  1861 | D:2      | Reached XP level 3. HP: 15/16 MP: 2/7
  2187 | D:2      | Reached XP level 4. HP: 18/19 MP: 8/8
  2974 | D:3      | Noticed Natasha
  3001 | D:3      | Reached skill level 5 in Summonings
  3141 | D:3      | Noticed Jessica
  3524 | D:3      | Killed Jessica
  3528 | D:3      | Killed Natasha
  3528 | D:3      | Reached XP level 5. HP: 10/22 MP: 3/10
  3534 | D:3      | Learned a level 4 spell: Summon Ice Beast
  3621 | D:3      | Noticed Natasha
  3646 | D:3      | Killed Natasha
  3851 | D:3      | Noticed Natasha
  3858 | D:3      | Killed Natasha
  3858 | D:3      | Reached skill level 1 in Ice Magic
  4886 | D:4      | Gained mutation: You are covered in thick fur. (AC +2) [Felid growth]
  4886 | D:4      | Reached XP level 6. HP: 26/26 MP: 5/11
  6270 | D:5      | Entered Level 5 of the Dungeon
  6318 | D:5      | Slain by a centaur
  6319 | D:5      | Reached XP level 5. HP: 0/22 MP: 0/10
  6346 | D:5      | Killed a centaur
  6350 | D:5      | Noticed Ijyb
  6362 | D:5      | Blown up by Ijyb

Skill      XL: |  1  2  3  4  5  6 |
---------------+-------------------+-----
Fighting       | 1 2 |  2.0
Summonings     | 5 |  5.9
Spellcasting   | 3 |  3.0
Dodging        | 3 |  3.0
Ice Magic      | 2 3 |  3.7
Stealth        | |  2.6

Action                   |  1- 3 |  4- 6 || total
-------------------------+-------+-------++-------
Melee: Unarmed           |    97 |   180 ||   277
       Bite              |    16 |    15 ||    31
 Cast: Summon Small Mamm |    17 |    37 ||    54
       Call Imp          |     6 |    46 ||    52
       Summon Ice Beast  |       |    10 ||    10
  Use: Scroll            |     6 |     8 ||    14
       Potion            |       |     5 ||     5
 Stab: Sleeping          |     7 |    12 ||    19
       Distracted        |     1 |     3 ||     4
  Eat: Chunk             |    10 |    13 ||    23
Armor: Skin              |     7 |     9 ||    16
Dodge: Dodged            |    98 |   161 ||   259
